 Dungeon Crawl Stone Soup version 0.30-a0-778-g2ef04af (webtiles) character file.

Game seed: 732733906497826510

291351 Illumine the Warrior (level 21, -2/140 HPs)
             Began as a Gargoyle Fighter on Feb 15, 2023.
             Was the Champion of the Shining One.
             Slain by a vault guard
             ... wielding a +3 great mace
             ... led by a vault warden
              (17 damage)
             ... on level 3 of the Vaults.
             The game lasted 02:00:01 (44704 turns).

Illumine the Warrior (Gargoyle Fighter)            Turns: 44704, Time: 02:00:01

Health: -2/140     AC: 54    Str: 38    XL:     21   Next: 16%
Magic:  12/31      EV:  8    Int: 10    God:    the Shining One [******]
Gold:   2235       SH: 36    Dex:  9    Spells: 27/34 levels left

rFire   + + .      SeeInvis +    a - +4 morningstar of Dried Tears {heavy, rF+ rN+ Str+2 Stlth+}
rCold   + . .      Faith    .    z - +3 tower shield {AC+3}
rNeg    + + +      Spirit   .    Q - +13 plate armour of Polish {Rampage rElec rCorr}
rPois   ∞          Reflect  +    (no helmet)
rElec   +          Harm     .    L - +0 cloak {Will+}
rCorr   +          Rampage  +    d - +0 pair of gloves
Will    +++..                    W - +0 pair of boots Stlth
                                 e - amulet of reflection
HPRegen 0.43/turn                v - ring "Optijash" {rF+ rC+ rCorr SInv}
MPRegen 0.22/turn                K - ring "Ypyst" {rElec rN+++ Will+ rCorr Str+6}

@: divinely shielded, flying, glowing
A: sickness immunity, AC +16, big wings, negative energy resistance 1,
electricity resistance, torment resistance 1, petrification resistance
}: 1/15 runes: serpentine
a: Renounce Religion, Divine Shield, Cleansing Flame, Summon Divine Warrior


You were on level 3 of the Vaults.
You worshipped the Shining One.
The Shining One was exalted by your worship.
You visited 7 branches of the dungeon, and saw 33 of its levels.
You also visited: Sewer, Ice Cave, Volcano and Desolation.

You collected 3514 gold pieces.
You spent 1279 gold pieces at shops.

Inventory:

Hand Weapons
 a - the +4 morningstar of Dried Tears (weapon) {heavy, rF+ rN+ Str+2 Stlth+}
   (You found it on level 11 of the Dungeon)

   Str:       It affects your strength (+2).
   rF:        It protects you from fire.
   rN:        It protects you from negative energy.
   Stlth:     It makes you more stealthy.
 b - a +7 sacred scourge of holy wrath
 j - a +2 antimagic morningstar
Missiles
 i - 9 boomerangs (quivered)
 m - a throwing net
 V - 3 boomerangs of dispersal
Armour
 d - a +0 pair of gloves (worn)
 f - +6 fire dragon scales
 z - a +3 tower shield of protection (worn)
 L - a +0 cloak of willpower (worn)
 Q - the +13 plate armour of Polish (worn) {Rampage rElec rCorr}
   (You found it in the Desolation of Salt)

   rElec:     It insulates you from electricity.
   rCorr:     It protects you from acid and corrosion.
   Rampage:   It bestows one free step when moving towards enemies.
 W - a +0 pair of boots (worn)
Jewellery
 c - a +4 ring of slaying
 e - an amulet of reflection (around neck)
 g - a ring of willpower
 k - the ring "Xeek" {Fire +Blink rPois Will+}
   (You found it in the Desolation of Salt)

   [ring of fire]

   It enhances your fire magic.
   rF:        It protects you from fire.
   rC:        It makes you vulnerable to cold.
   rPois:     It protects you from poison.
   +Blink:    It lets you blink.
   Will:      It increases your willpower.
 l - a ring of willpower
 n - the ring "Maxouhe" {rF+ Dex+3 Stlth+}
   (You found it in the Desolation of Salt)

   [ring of protection from fire]

   Dex:       It affects your dexterity (+3).
   rF:        It protects you from fire.
   Stlth:     It makes you more stealthy.
 q - the ring of the Dropbear {Will+ EV+5}
   (You found it in the Desolation of Salt)

   [ring of evasion]

   EV:        It affects your evasion (+5).
   Will:      It increases your willpower.
 u - the ring of Gozag, Imbibing {Will+ rCorr Stlth+}
   (You found it on level 4 of the Lair of Beasts)

   [ring of resist corrosion]

   rCorr:     It protects you from acid and corrosion.
   Will:      It increases your willpower.
   Stlth:     It makes you more stealthy.
 v - the ring "Optijash" (left hand) {rF+ rC+ rCorr SInv}
   (You found it on level 11 of the Dungeon)

   [ring of protection from fire]

   rF:        It protects you from fire.
   rC:        It protects you from cold.
   SInv:      It lets you see invisible.
   rCorr:     It protects you from acid and corrosion.
 y - a ring of protection from cold
 B - the ring "Osaha" {Ice Drain +Blink rElec rPois}
   (You found it in an ice cave)

   [ring of ice]

   It enhances your ice magic.
   rF:        It makes you vulnerable to fire.
   rC:        It protects you from cold.
   rElec:     It insulates you from electricity.
   rPois:     It protects you from poison.
   +Blink:    It lets you blink.
   Drain:     It drains your maximum health when unequipped.
 C - a +4 ring of protection
 H - a ring of protection from cold
 K - the ring "Ypyst" (right hand) {rElec rN+++ Will+ rCorr Str+6}
   (You acquired it on level 11 of the Dungeon)

   [ring of strength]

   Str:       It affects your strength (+6).
   rElec:     It insulates you from electricity.
   rN:        It renders you almost immune to negative energy.
   rCorr:     It protects you from acid and corrosion.
   Will:      It increases your willpower.
 T - the amulet "Jajich" {RegenMP Harm rN+ Dex+3 Slay+3}
   (You found it on level 4 of the Lair of Beasts)

   [amulet of magic regeneration]

   It increases your rate of magic regeneration.
   Dex:       It affects your dexterity (+3).
   Slay:      It affects your accuracy & damage with ranged weapons and melee
   (+3).
   rN:        It protects you from negative energy.
   Harm:      It increases damage dealt and taken.
Wands
 o - a wand of polymorph (6)
 J - a wand of roots (27)
 M - a wand of acid (24)
 N - a wand of paralysis (28)
 P - a wand of flame (25)
 R - a wand of digging (13)
Scrolls
 h - 6 scrolls of fog
 p - 3 scrolls of butterflies
 D - 8 scrolls of vulnerability
 I - 4 scrolls of poison
 U - a scroll of identify
Potions
 s - a potion of ambrosia
 t - 5 potions of resistance
 w - 5 potions of attraction
 x - 5 potions of mutation
 A - a potion of brilliance
 E - 14 potions of curing
 F - 10 potions of cancellation
 G - a potion of might
 O - a potion of lignification
 S - 3 potions of berserk rage
 Z - 5 potions of haste
Miscellaneous
 X - a lightning rod (4/4)
 Y - a tin of tremorstones (2/2)


   Skills:
 + Level 17.4 Fighting
 - Level 16.0 Maces & Flails
 - Level 12.0 Throwing
 + Level 16.1 Armour
 - Level 3.3 Dodging
 * Level 14.4 Shields
 - Level 7.0 Spellcasting
 - Level 10.0 Translocations
 - Level 14.0 Invocations
 - Level 10.0 Evocations


You had 27 spell levels left.
You knew the following spells:

 Your Spells              Type           Power      Damage    Failure   Level
a - Blink                 Tloc           46%        N/A       7%          2
b - Apportation           Tloc           46%        N/A       4%          1
c - Manifold Assault      Tloc           23%        N/A       41%         4

Your spell library contained the following spells:

 Spells                   Type           Power      Damage    Failure   Level
 Lesser Beckoning         Tloc           46%        N/A       7%          2
 Momentum Strike          Conj/Tloc      26%        3d8       45%         2
 Beastly Appendage        Tmut           6%         N/A       95%         1
 Freeze                   Ice            12%        1d3       95%         1
 Magic Dart               Conj           12%        1d3       95%         1
 Necrotise                Necr           12%        1d4       95%         1
 Summon Small Mammal      Summ           12%        N/A       95%         1
 Call Imp                 Summ           3%         N/A       99%         2
 Searing Ray              Conj           6%         2d4       99%         2
 Wereblood                Tmut           3%         N/A       99%         2
 Frozen Ramparts          Ice            6%         1d1       100%        3
 Hailstorm                Conj/Ice       3%         3d3       100%        3
 Spider Form              Tmut/Pois      3%         N/A       100%        3
 Summon Guardian Golem    Hex/Summ       3%         N/A       100%        3
 Fulminant Prism          Conj/Hex       1%         3d5       100%        4
 Leda's Liquefaction      Hex/Erth       1%         N/A       100%        4
 Summon Lightning Spire   Summ/Air       3%         N/A       100%        4
 Alistair's Intoxication  Tmut/Pois      2%         N/A       100%        5
 Fireball                 Conj/Fire      1%         3d3       100%        5
 Freezing Cloud           Conj/Ice/Air   1%         6-21      100%        5
 Iskenderun's Battlesphe  Conj           3%         2d6       100%        5
 Lee's Rapid Deconstruct  Erth           1%         3d4*      100%        5
 Conjure Ball Lightning   Conj/Air       1%         3x3d6     100%        6
 Orb of Destruction       Conj           1%         9d5       100%        7
 Spellforged Servitor     Conj/Summ      1%         N/A       100%        7
 Storm Form               Tmut/Air       1%         N/A       100%        7
 Discord                  Hex            1%         N/A       100%        8
 Disjunction              Tloc           11%        N/A       100%        8
 Maxwell's Capacitive Co  Air            1%         ∞         100%        8
 Statue Form              Tmut/Erth      Unusable   N/A       N/A         6

Dungeon Overview and Level Annotations

Branches:
Dungeon (15/15)            Temple (1/1) D:5            Lair (5/5) D:8
 Shoals (3/4) Lair:3        Snake (4/4) Lair:2        Slime (0/5) Lair:4
    Orc (2/2) D:9             Elf (0/3) Orc:2        Vaults (3/5) D:13
  Crypt (0/3) Vaults:3     Depths (0/4) D:15          Sewer (visited)
  IceCv (visited)         Volcano (visited)         Desolation (visited)

Altars:
Ashenzari
Cheibriados
Dithmenos
Elyvilon
Fedhas
Gozag
Hepliaklqana
Kikubaaqudgha
Makhleb
Nemelex Xobeh
Okawaru
Qazlal
Ru
Sif Muna
Trog
Vehumet
Wu Jian
Yredelemnul
Zin
The Shining One
Jiyva

Shops:
D:8 (   D:9 (   Orc:2 :(*[=   Snake:2 !   Snake:3 (([(   Snake:4 [   Vaults:1 (
Vaults:2 *

Portals:
Trove: Vaults:2 (give 9 potions of haste)

Annotations:
Vaults:1 3 runed translucent doors, MinotaursOnly's ghost, adept MiBe


Innate Abilities, Weirdness & Mutations

You are immune to sickness and miasma.
Your stone body is resilient. (AC +16)
You are immune to poison.
Your large and strong wings let you fly.
You resist negative energy. (rN+)
You are resistant to electric shocks. (rElec)
You are resistant to unholy torment.
You are immune to petrification.


Message History

Unknown command.
You hit the sphinx but do no damage.
The sphinx is severely wounded.
You block the sphinx's attack. x2; The sphinx hits you but does no damage.
You block the vault guard's attack.
The vault warden hits you but does no damage.
You puncture the sphinx!
The sphinx is almost dead.
You block the sphinx's attack. The sphinx barely misses you.
You block the sphinx's attack. You block the vault guard's attack.
The vault warden hits you with a +3 long sword!
* * * LOW HITPOINT WARNING * * *
The sphinx mumbles some strange words.
Something smites you!
* * * LOW HITPOINT WARNING * * *
Unknown command.
Okay, then.
Activating: Cleansing Flame (1% risk of failure)
Press: ? - help, Dir - look around, f - activate The golden flame engulfs you but does no damage.
You resist.
The golden flame engulfs the sphinx!!!
You kill the sphinx!
The golden flame engulfs the vault warden!
The vault warden is almost dead.
The golden flame engulfs the vault guard!!
The vault guard is heavily wounded.
The golden flame engulfs the yaktaur captain!!!
The yaktaur captain is almost dead.
You block the vault guard's attack.
The vault warden hits you but does no damage.
The yaktaur captain shoots a bolt.
You reflect the bolt off an invisible shield around you!
The bolt hits the yaktaur captain!!
The bolt burns the yaktaur captain.
You kill the yaktaur captain!
Unknown command.
You flatten the vault warden like a pancake!!!
You kill the vault warden!
The runic seals fade away.
The vault guard hits you with a +3 great mace!
You die...

########..)......#
.......###+#######
.......#.......#
.......+.......#
..>....#.......#
.......+.......#######+
.......#.......#......#
.......#......)#)p....#
.......#......[+@))...#
########......)####.#.#
#########


You could see a vault guard.

Vanquished Creatures
  Vashnia (Snake:4)
  Polyphemus (Shoals:2)
  A kraken (Shoals:2)
  Gastronok (D:12)
  Kirke (Snake:3)
  3 sphinxes
  Agnes (Snake:4)
  7 nagarajas
  Aizul (Lair:2)
  12 vault wardens
  An imperial myrmidon (Desolation)
  3 very ugly things (Vaults:2)
  10 ironbound preservers
  An orc warlord (Orc:1)
  An ironbound thunderhulk (Vaults:1)
  A dire elephant (D:15)
  A halazid warlock (Desolation)
  Snorg (D:10)
  5 crystal guardians
  A jiangshi (Vaults:3)
  A fire dragon (Lair:5)
  3 spectral krakens (Shoals:2)
  2 ettins
  The ghost of Rotomm the Transmogrifier, a journeyman DsTm of Xom (Lair:4)
  5 yaktaur captains
  6 great orbs of eyes
  6 ragged hierophants (Desolation)
  7 servants of whispers (Desolation)
  3 merfolk impalers
  5 vault guards
  An entropy weaver (Vaults:1)
  3 ghost crabs (Shoals:2)
  3 salamander tyrants
  Erolcha (D:10)
  2 ironbound frosthearts
  Erica (Lair:2)
  7 hydras
  10 anacondas
  A merfolk avatar (Shoals:2)
  2 ogre magi
  12 peacekeepers
  3 catoblepae
  14 centaur warriors
  2 death knights
  4 boulder beetles
  7 two-headed ogres
  28 naga warriors
  2 tengu warriors
  18 naga sharpshooters
  An orc high priest (Orc:1)
  Urug (D:13)
  12 death yaks
  6 shock serpents
  A hell knight (Volcano)
  7 skeletal warriors
  Amaemon (D:10)
  34 deep trolls
  6 salamander mystics
  2 sea snakes
  5 skysharks
  6 naga ritualists
  A swamp dragon (Lair:5)
  A deep elf archer (D:11)
  2 wizards
  A bog body (IceCv)
  18 ironbound convokers
  3 deep elf pyromancers
  19 harpies
  3 orc knights
  7 lindwurms
  7 fauns
  3 mana vipers
  A necromancer (IceCv)
  10 ugly things
  An oklob plant (D:14)
  4 orc sorcerers
  6 manticores
  19 salamanders
  7 merfolk sirens
  4 cyclopes
  11 vault sentinels
  35 black mambas
  23 naga magi
  13 elephants
  14 guardian serpents
  A molten gargoyle (Desolation)
  3 ice statues
  An orange demon (D:10)
  Maggie (D:6)
  2 gargoyles
  11 cane toads
  Psyche (D:8)
  2 kobold demonologists
  3 unseen horrors
  5 rime drakes
  An efreet (D:15)
  A freezing wraith (Lair:3)
  3 anaconda simulacra (IceCv)
  21 yaktaurs
  9 ice devils
  A spectral harpy (Shoals:2)
  10 komodo dragons
  A tengu conjurer (D:15)
  16 polar bears
  12 merfolk
  A wolf spider simulacrum (D:15)
  68 saltlings (Desolation)
  A tarantella (Vaults:1)
  2 wind drakes (Shoals:1)
  Prince Ribbit (D:5)
  A hornet (D:11)
  A hornet (shapeshifter) (D:14)
  Grinder (D:3)
  8 trolls
  A snapping turtle (Shoals:1)
  4 spectral merfolk (Shoals:2)
  A spectral manticore (Shoals:2)
  8 blink frogs
  5 dream sheep (Lair:5)
  40 slime creatures
  A vampire (D:11)
  5 water elementals
  3 wraiths
  A culicivora (Vaults:1)
  4 wyverns
  A dire elephant simulacrum (IceCv)
  60 yaks
  3 hogs (Snake:3)
  4 basilisks
  7 steam dragons
  Grum (D:8)
  10 vampire mosquitoes
  6 wargs
  4 harpy simulacra (IceCv)
  2 hydra simulacra (IceCv)
  2 acid dragons
  44 nagas
  17 hell hounds (Lair:5)
  9 water moccasins
  23 orc warriors
  14 black bears
  A swamp drake (Lair:5)
  2 sky beasts
  3 ice beasts
  8 ogres
  17 centaurs
  26 wolves
  2 phantoms
  3 kobold brigands
  A gnoll sergeant (D:6)
  13 bullfrogs
  A scorpion (D:5)
  2 necrophages
  A two-headed ogre simulacrum (IceCv)
  15 wights
  2 elephant simulacra
  5 electric eels
  5 howler monkeys
  3 jellies (Lair:4)
  14 orc priests
  A gnoll bouda (D:8)
  5 hounds
  Crazy Yiuf (D:2)
  Jessica (D:3)
  Natasha (thrice) (D:3)
  Terence (D:3)
  5 iguanas (Lair:5)
  25 orc wizards
  2 troll simulacra (Lair:3)
  2 polar bear simulacra (Lair:3)
  A wolf simulacrum (IceCv)
  16 gnolls
  5 adders
  4 river rats
  16 white imps
  2 ufetubi (D:5)
  A worm (D:4)
  4 dart slugs
  63 orcs
  12 endoplasms
  2 giant cockroaches
  10 hobgoblins
  11 jackals
  39 kobolds
  4 quokkas
  17 ball pythons
  6 bats
  4 frilled lizards
  3 goblins
  32 rats
  3 tentacles (Shoals:2)
1403 creatures vanquished.

Vanquished Creatures (collateral kills)
  An anaconda (Snake:3)
  A naga warrior (Snake:3)
  A naga sharpshooter (Snake:3)
  2 salamanders (Snake:3)
  A naga mage (Snake:4)
  A naga (Snake:3)
7 creatures vanquished.

Vanquished Creatures (others)
  A ragged hierophant (Desolation)
  2 naga warriors
  A black mamba (Snake:2)
  A naga mage (Snake:4)
  A naga (Snake:4)
  A kobold (Sewer)
  30 fungi
  141 plants
  43 tentacles (Shoals:2)
  17 toadstools (D:14)
  8 withered plants (Shoals:2)
246 creatures vanquished.

Grand Total: 1656 creatures vanquished

Notes
Turn   | Place    | Note
-------+----------+-------------------------------------------
     0 | D:1      | Illumine the Gargoyle Fighter began the quest for the Orb.
     0 | D:1      | Reached XP level 1. HP: 14/14 MP: 1/1
   108 | D:1      | Found a faded altar of an unknown god.
   117 | D:1      | Reached XP level 2. HP: 18/19 MP: 2/2
   494 | D:1      | Reached XP level 3. HP: 23/23 MP: 3/3
  1108 | D:2      | Reached XP level 4. HP: 29/29 MP: 4/4
  1323 | D:3      | Noticed an ogre
  1358 | D:4      | Noticed a phantom
  1371 | D:4      | Killed a phantom
  1372 | D:4      | Reached skill level 4 in Fighting
  1372 | D:4      | Reached XP level 5. HP: 26/33 MP: 5/5
  1448 | D:4      | Found a glowing drain.
  1459 | D:4      | Noticed a black bear
  1469 | D:4      | Killed a black bear
  1470 | D:4      | Reached XP level 6. HP: 19/39 MP: 6/6
  1498 | Sewer    | Entered a sewer
  1767 | Sewer    | Reached skill level 5 in Armour
  1775 | Sewer    | Reached skill level 5 in Fighting
  2058 | D:4      | Found a white marble altar of Elyvilon.
  2278 | D:4      | Found a blossoming altar of Fedhas.
  2280 | D:4      | Found an ancient bone altar of Kikubaaqudgha.
  2694 | D:5      | Entered Level 5 of the Dungeon
  2737 | D:3      | Reached XP level 7. HP: 14/44 MP: 7/7
  3172 | D:2      | Found a runed translucent door.
  3173 | D:2      | Noticed Crazy Yiuf
  3675 | D:3      | Noticed Jessica
  3696 | D:3      | Killed Jessica
  3752 | D:3      | Noticed Grinder
  3753 | D:3      | Noticed Natasha
  3763 | D:3      | Killed Grinder
  3764 | D:3      | Reached skill level 6 in Fighting
  3764 | D:3      | Reached skill level 5 in Maces & Flails
  3769 | D:3      | Killed Natasha
  3978 | D:3      | Noticed Terence
  3991 | D:3      | Killed Terence
  3992 | D:3      | Reached XP level 8. HP: 41/51 MP: 8/8
  4163 | D:3      | Noticed Natasha
  4168 | D:3      | Killed Natasha
  4244 | D:3      | Noticed Natasha
  4254 | D:3      | Killed Natasha
  4335 | D:3      | Found a bloodstained altar of Trog.
  4675 | D:5      | Found a staircase to the Ecumenical Temple.
  4710 | Temple   | Entered the Ecumenical Temple
  4732 | Temple   | Became a worshipper of the Shining One
  4831 | D:5      | Noticed Prince Ribbit
  4856 | D:5      | Killed Prince Ribbit
  4857 | D:5      | Reached skill level 1 in Invocations
  5633 | D:6      | Reached skill level 7 in Fighting
  5637 | D:6      | Reached skill level 1 in Evocations
  5691 | D:6      | Reached * piety under the Shining One
  5765 | D:6      | Reached XP level 9. HP: 44/57 MP: 9/11
  5841 | D:6      | Found a shadowy altar of Dithmenos.
  6116 | D:6      | Noticed Maggie
  6128 | D:6      | Killed Maggie
  6500 | D:7      | Noticed an unseen horror
  6511 | D:7      | Killed an unseen horror
  6606 | D:7      | Reached skill level 8 in Fighting
  6700 | D:7      | Reached XP level 10. HP: 64/64 MP: 13/13
  6807 | D:7      | Noticed a cyclops
  6807 | D:7      | Noticed a skeletal warrior
  6833 | D:8      | Noticed a two-headed ogre
  6833 | D:8      | Found Buel's Antique Weapon Shoppe.
  6847 | D:8      | Killed a two-headed ogre
  6850 | D:8      | Bought a glowing broad axe for 168 gold pieces
  6964 | D:8      | Noticed Psyche
  6973 | D:8      | Killed Psyche
  6974 | D:8      | Reached skill level 5 in Invocations
  7141 | D:8      | Reached ** piety under the Shining One
  7310 | D:8      | Reached skill level 9 in Fighting
  7357 | D:8      | Found a staircase to the Lair.
  7408 | D:8      | Reached skill level 1 in Throwing
  7410 | D:8      | Noticed Grum
  7419 | D:8      | Reached XP level 11. HP: 53/71 MP: 15/15
  7420 | D:8      | Killed Grum
  7483 | D:8      | Found a hazy altar of Hepliaklqana.
  7487 | D:8      | Found a shimmering blue altar of Sif Muna.
  7491 | D:8      | Found an iron altar of Okawaru.
  7493 | D:8      | Found a broken altar of Ashenzari.
  7494 | D:8      | Found an opulent altar of Gozag.
  7496 | D:8      | Found a snail-covered altar of Cheibriados.
  7501 | D:8      | Found a radiant altar of Vehumet.
  7585 | D:8      | Found a sacrificial altar of Ru.
  8221 | Lair:1   | Entered Level 1 of the Lair of Beasts
  8493 | Lair:1   | Reached skill level 10 in Maces & Flails
  8715 | Lair:1   | Noticed a skyshark
  8727 | Lair:1   | Killed a skyshark
  8728 | Lair:1   | Reached skill level 5 in Evocations
  9008 | Lair:1   | Noticed a six-headed hydra
  9008 | Lair:1   | Noticed a catoblepas
  9396 | D:9      | Found Umuqoore's Firing Range.
  9402 | D:9      | Bought 2 boomerangs for 64 gold pieces
  9402 | D:9      | Bought 4 boomerangs for 128 gold pieces
  9572 | D:9      | Found an ornate altar of the Wu Jian Council.
  9574 | D:9      | Identified the +1 chain mail of Prudence {rElec rF- Will+
                  | Dex+2}
  9957 | D:9      | Reached *** piety under the Shining One
 10152 | D:9      | Found a staircase to the Orcish Mines.
 10164 | Orc:1    | Entered Level 1 of the Orcish Mines
 10241 | Orc:1    | Noticed an orc sorcerer
 10253 | D:9      | Reached skill level 10 in Fighting
 10264 | Orc:1    | Killed an orc sorcerer
 10451 | Orc:1    | Reached XP level 12. HP: 74/77 MP: 5/17
 10537 | Orc:1    | Reached skill level 10 in Armour
 10987 | Orc:2    | Entered Level 2 of the Orcish Mines
 11253 | Orc:2    | Noticed an orc high priest
 11254 | Orc:2    | Noticed a sun demon
 11358 | Orc:1    | Killed an orc high priest
 11729 | Orc:2    | Found a staircase to the Elven Halls.
 11888 | Orc:2    | Reached **** piety under the Shining One
 12247 | Orc:2    | Noticed an orc warlord
 12296 | Orc:1    | Killed an orc warlord
 12436 | Orc:2    | Found Seffo's Antique Armour Shoppe.
 12477 | Orc:2    | Found Byhueq's Antique Weapon Shoppe.
 12494 | Orc:2    | Found Ehuom's General Store.
 12509 | Orc:2    | Found Caennou's Jewellery Shoppe.
 12532 | Orc:2    | Bought a heavily runed scale mail for 261 gold pieces
 12532 | Orc:2    | Identified the +0 scale mail "Jilesys" {+Blink Regen+ Str-4
                  | Int+4} (You bought it in a shop on level 2 of the Orcish
                  | Mines)
 12688 | Orc:2    | Found Pyfulom's Book Boutique.
 12696 | Orc:2    | Bought an Inescapable Atlas for 352 gold pieces
 12699 | Orc:2    | Learned a level 2 spell: Blink
 12937 | Lair:1   | Killed a six-headed hydra
 12938 | Lair:1   | Reached skill level 5 in Throwing
 13200 | Lair:2   | Reached skill level 11 in Fighting
 13200 | Lair:2   | Reached skill level 1 in Spellcasting
 13232 | Lair:2   | Reached skill level 1 in Translocations
 13303 | Lair:2   | Found a dark tunnel.
 13312 | Volcano  | Entered a volcano
 13356 | Volcano  | Noticed a two-headed ogre
 13367 | Volcano  | Killed a two-headed ogre
 13368 | Volcano  | Reached XP level 13. HP: 71/84 MP: 3/19
 13681 | Lair:2   | Noticed Erica
 13689 | Lair:2   | Killed Erica
 13990 | Lair:2   | Found a staircase to the Snake Pit.
 14581 | Lair:3   | Found a staircase to the Shoals.
 14664 | Lair:3   | You fall into a shaft and drop 2 floors!
 14664 | Lair:5   | Entered Level 5 of the Lair of Beasts
 15702 | Lair:4   | Gained mutation: Your large and strong wings let you fly.
                  | [Gargoyle growth]
 15702 | Lair:4   | Reached XP level 14. HP: 39/91 MP: 7/21
 16228 | Lair:4   | Reached skill level 12 in Fighting
 16246 | Lair:4   | Reached skill level 10 in Invocations
 16444 | Lair:3   | Reached ***** piety under the Shining One
 17706 | Lair:4   | Noticed Rotomm's ghost (journeyman DsTm)
 17707 | Lair:4   | Found a runed translucent gate.
 17968 | Lair:4   | Identified the +2 shortbow "Erphoff" {heavy, Stlth+}
 18146 | Lair:4   | Found a viscous altar of Jiyva.
 18312 | Lair:4   | Found a staircase to the Slime Pits.
 18373 | Lair:4   | Found a runed translucent gate.
 18373 | Lair:4   | Found a runed translucent gate.
 18438 | Lair:4   | Identified the ring of Gozag, Imbibing {Will+ rCorr Stlth+}
 19202 | Lair:5   | Identified the +1 flail "Diroeno" {freeze, rCorr Str-5
                  | Int+2}
 19434 | Lair:5   | Reached XP level 15. HP: 60/97 MP: 23/23
 19679 | Lair:5   | Reached skill level 13 in Fighting
 20131 | D:10     | Entered Level 10 of the Dungeon
 20218 | D:10     | Noticed Erolcha
 20230 | D:10     | Killed Erolcha
 20287 | D:10     | Noticed Snorg
 20306 | D:10     | Killed Snorg
 20307 | D:10     | Reached skill level 1 in Dodging
 20608 | D:10     | You are sucked into a shaft and drop 1 floor!
 20694 | D:11     | Found a frozen archway.
 20694 | D:11     | Reached ****** piety under the Shining One
 20737 | IceCv    | Entered an ice cave
 21173 | IceCv    | Identified the ring "Osaha" {Ice Drain +Blink rElec rPois}
 21539 | D:10     | Noticed Amaemon
 21555 | D:10     | Killed Amaemon
 21564 | D:10     | Identified a +3 sacred scourge of holy wrath (a +1 demon
                  | whip of venom blessed by the Shining One)
 21564 | D:10     | Received a gift from the Shining One
 21894 | D:11     | Identified a scroll of acquirement
 21898 | D:11     | Acquired the ring "Ypyst" {rElec rN+++ Will+ rCorr Str+6}
 22131 | D:11     | Identified the +4 morningstar of Dried Tears {heavy, rF+
                  | rN+ Str+2 Stlth+}
 22143 | D:11     | Identified the ring "Optijash" {rF+ rC+ rCorr SInv}
 22944 | D:12     | Noticed Gastronok
 22959 | D:12     | Killed Gastronok
 23409 | D:13     | Found an iron altar of Okawaru.
 23486 | D:13     | Noticed Urug
 23495 | D:13     | Killed Urug
 24133 | D:13     | Found a gate to the Vaults.
 24138 | D:13     | Reached XP level 16. HP: 72/105 MP: 25/25
 25035 | D:14     | Found a blossoming altar of Fedhas.
 25156 | D:15     | Entered Level 15 of the Dungeon
 25635 | D:15     | Found a staircase to the Depths.
 26865 | Snake:1  | Entered Level 1 of the Snake Pit
 27033 | Snake:1  | Noticed Aizul
 27046 | Lair:2   | Reached skill level 14 in Fighting
 27191 | Lair:2   | Killed Aizul
 27429 | Lair:2   | Reached skill level 5 in Shields
 27676 | Snake:1  | Learned a level 1 spell: Apportation
 27681 | Snake:1  | Learned a level 4 spell: Manifold Assault
 27702 | Snake:1  | Reached skill level 15 in Maces & Flails
 27710 | Snake:1  | Reached skill level 5 in Translocations
 27735 | Snake:1  | Reached skill level 5 in Spellcasting
 27944 | Snake:1  | Acquired a +2 heavy eveningstar
 28543 | Snake:2  | Noticed a nagaraja
 28554 | Snake:2  | Noticed a nagaraja
 28821 | Snake:2  | Reached XP level 17. HP: 81/111 MP: 26/26
 29572 | Snake:2  | Found Akkish's Distillery.
 29580 | Snake:2  | Bought 2 potions of heal wounds for 180 gold pieces
 30467 | Snake:3  | Noticed Kirke
 30478 | Snake:3  | Killed Kirke
 30680 | Snake:3  | Reached skill level 10 in Throwing
 30954 | Snake:3  | Found Kuuss's Antique Weapon Shoppe.
 31004 | Snake:3  | Found Haxinn's Weapon Shop.
 31021 | Snake:3  | Found Fehod's Weapon Boutique.
 31058 | Snake:3  | Found Lomaamo's Armour Shop.
 32262 | Snake:4  | Entered Level 4 of the Snake Pit
 32294 | Snake:4  | Found Viphum's Armour Boutique.
 32356 | Snake:4  | Noticed Agnes
 32363 | Snake:4  | Killed Agnes
 32628 | Snake:4  | Reached XP level 18. HP: 107/118 MP: 27/27
 32629 | Snake:4  | Reached skill level 15 in Fighting
 32712 | Snake:4  | Noticed Vashnia
 32734 | Snake:4  | Killed Vashnia
 32735 | Snake:4  | Reached skill level 15 in Armour
 33330 | Snake:4  | Got a serpentine rune of Zot
 34313 | Shoals:1 | Entered Level 1 of the Shoals
 35320 | Shoals:2 | You are sucked into a shaft and drop 1 floor!
 35420 | Shoals:2 | Noticed Polyphemus
 35440 | Shoals:2 | Killed Polyphemus
 35699 | Shoals:2 | Reached XP level 19. HP: 124/124 MP: 28/28
 36746 | Shoals:3 | HP: 3/125 [wind drake/the air (25)]
 37221 | Vaults:1 | Entered Level 1 of the Vaults
 37615 | Vaults:1 | Found Zedoytut's Antique Weapon Emporium.
 38199 | Vaults:1 | Found a runed translucent gate.
 38199 | Vaults:1 | Found a runed translucent gate.
 38199 | Vaults:1 | Found a runed translucent gate.
 38201 | Vaults:1 | Noticed MinotaursOnly's ghost (adept MiBe)
 38646 | Vaults:1 | Reached skill level 16 in Fighting
 38646 | Vaults:1 | Reached skill level 10 in Shields
 39312 | D:2      | Killed Crazy Yiuf
 39929 | Lair:4   | Killed Rotomm's ghost
 39940 | Lair:4   | Identified the amulet "Jajich" {RegenMP Harm rN+ Dex+3
                  | Slay+3}
 41091 | Vaults:2 | Found Odyliff's General Store.
 41099 | Vaults:2 | Bought a scroll of enchant armour for 90 gold pieces
 41099 | Vaults:2 | Bought a potion of curing for 36 gold pieces
 41419 | Vaults:2 | Reached XP level 20. HP: 132/132 MP: 30/30
 41470 | Vaults:2 | Found a portal to a secret trove of treasure.
 42017 | Vaults:2 | Reached skill level 10 in Evocations
 42728 | Vaults:3 | Found a crumbling gateway.
 42734 | Desolati | Entered the Desolation of Salt
 42756 | Desolati | Identified the ring of Noes {rCorr Str+3 Dex+5 SInv}
 42896 | Desolati | Identified the +0 leather armour of the Tormentor {Drain
                  | rElec rCorr Stlth+}
 43075 | Desolati | Identified the +0 leather armour "Ranoown" {rPois}
 43084 | Desolati | Identified the ring "Xeek" {Fire +Blink rPois Will+}
 43388 | Desolati | Reached skill level 17 in Fighting
 43471 | Desolati | Identified the +0 falchion of the Evening {freeze, Int+5}
 43475 | Desolati | Got the Catalogue of Feathers and the Boggart
 43577 | Desolati | Identified the ring "Zyanill" {Fly rN+ Int+2}
 43612 | Desolati | Reached skill level 10 in Translocations
 43667 | Desolati | Identified the ring "Maxouhe" {rF+ Dex+3 Stlth+}
 43671 | Desolati | Identified the ring of the Dropbear {Will+ EV+5}
 43676 | Desolati | Identified the +13 plate armour of Polish {Rampage rElec
                  | rCorr}
 43823 | Desolati | Identified the amulet of Patience {Faith Dex+3}
 43989 | Vaults:3 | Found a staircase to the Crypt.
 44185 | Vaults:3 | Identified the +3 arbalest of the Battered Realms
                  | {antimagic, Int+3}
 44604 | Vaults:3 | Reached XP level 21. HP: 139/139 MP: 31/31
 44704 | Vaults:3 | Slain by a vault guard

Illustrated notes

Levels and vault maps discovered:
D:1:      dpeg_arrival_round_a, layout_basic, nicolae_ecumenical_snake_handling
D:2:      layout_loops_ring, uniq_crazy_yiuf_cottage
D:3:      layout_loops_cross, trog_butcher_becter, minmay_misc_feat_square,
          kennysheep_jessica_study, uniq_grinder, uniq_natasha, uniq_terence
D:4:      layout_cave_pods, grunt_temple_overflow_growth_and_decay,
          mainiacjoe_overflow_boulevard, portal_sewer_entry_c
D:5:      layout_loops_ring, minmay_temple_entry_antechambers,
          grunt_decor_resistance, uniq_prince_ribbit1
D:6:      layout_basic, nicolae_dithmenos_through_a_glass_darkly, uniq_maggie
D:7:      minmay_the_grid_triangle_9x9_rhombus_full
          [minmay_the_grid_triangle_9x9_windchime,
          minmay_the_grid_triangle_9x9_wacky_v,
          minmay_the_grid_triangle_9x9_intruding_spiral,
          minmay_the_grid_triangle_9x9_pentomino_pain,
          minmay_the_grid_triangle_9x9_longest,
          minmay_the_grid_triangle_9x9_zippers_horizontal,
          minmay_the_grid_triangle_9x9_negative_grid,
          minmay_the_grid_triangle_9x9_prize_center], layout_basic,
          jmf_multi_god_temple, kennysheep_cross_bottleneck,
          lightli_church_of_beogh, uniq_pikel
D:8:      layout_basic, nicolae_overflow_hallway_of_the_gods,
          nicolae_ru_sacrificial_ziggurat, erik_lair_island, serial_shops,
          nicolae_stop_n_shop_1, uniq_psyche, uniq_grum
D:9:      layout_basic, mainiacjoe_overflow_alcove_4, david_orc_4,
          nicolae_shop_firing_range
D:10:     layout_long_grid, uniq_snorg, uniq_amaemon, uniq_joseph, uniq_erolcha
D:11:     minmay_mutant_horseshoe, layout_basic, portal_ice_cave_entry_imps
D:12:     layout_basic, grunt_tough_drop, uniq_gastronok
D:13:     layout_gridville, david_vaults_5, okawaru_trees_1, uniq_urug
D:14:     layout_basic, hangedman_decor_peaks_small, tgw_fedhas
D:15:     hangedman_depths_entry_try_elsewhere_first, layout_loops_ring,
          chequers_serial_rivers_micro_d, minmay_microvault
Temple:   nicolae_temple_ecumenical_triangle
Lair:1:   layout_long_grid, hangedman_lair_generics_rect, grunt_megastairs_2
Lair:2:   layout_loops_ring, dummy_snake_entry, nicolae_volcano_entry_hallway,
          uniq_erica
Lair:3:   dreamdust_isle_of_ice, layout_cave_pods, minmay_shoals_entry_centaurs
Lair:4:   layout_misc_corridors, minmay_slime_entry_pillars,
          gammafunk_ghost_split, gammafunk_lair_bear_cave, serial_bayou_shore_b
Lair:5:   guppyfry_lair_end_dragon, layout_loops_ring,
          hangedman_lair_caniforms_friends
Shoals:1: layout_shoals, nicolae_shoals_gull_way
Shoals:2: layout_shoals, nicolae_shoals_spectral_cove, uniq_polyphemus
Shoals:3: layout_shoals
Snake:1:  layout_onion_interference, abandoned_shop,
          nrook_guardian_serpent_ordinary, uniq_aizul
Snake:2:  layout_cave_shapes, serial_shops, shop_fountains,
          nicolae_snake_snakes_in_the_grass, lemuel_fruit_tree
Snake:3:  layout_chambers, nicolae_stop_n_shop_2, minmay_shop_star,
          grunt_megastairs_3, uniq_kirke
Snake:4:  snake_pit, layout_cave_town, serial_shops, shop,
          nicolae_snake_round_shape_thing, uniq_vashnia, uniq_agnes
Orc:1:    layout_caves, mines4_lemuel
Orc:2:    grunt_orc_cross, layout_diamond_mine, serial_shops, shop_fountains
Vaults:1: gammafunk_ghost_tricky_traps, nicolae_vaults_gold_heap,
          nicolae_vaults_stairing_the_circle, vaults_room_large_hall,
          vaults_room_corners, vaults_dpeg_emergency_exit,
          vaults_room_stairs_pillars, v_misc_17, nicolae_vaults_back_hallway,
          grunt_vaults_diagonal, vaults_room_corners, vaults_room_door_hall,
          vaults_mumra_chevron_long, v_misc_9, layout_vaults_omnicross,
          serial_shops, shop
Vaults:2: nicolae_vaults_arrows, v_rooms_2, v_misc_14, v_misc_19,
          ontoclasm_vaults_spin, vaults_mumra_lcd, vaults_room_pool,
          hangedman_vaults_locks, hangedman_vaults_pinch, v_pattern_1,
          vaults_dpeg_ring, st_lines, vaults_room_hallway,
          nicolae_vaults_little_ls, layout_vaults_maze_snakey, enter_trove_0,
          serial_shops, nicolae_shop_crystal
Vaults:3: portal_desolation_entry_ruin, dpeg_vaults_monster_box,
          hangedman_vaults_maws, ontoclasm_vaults_idyll,
          minmay_crypt_entry_simple_corners, vaults_mumra_minichess_inversion,
          vaults_room_large_hall, st_more_cells, ontoclasm_vaults_ring_square,
          nicolae_vaults_little_squares_3, hangedman_vaults_variations,
          nicolae_vaults_yaktaur_gun_rack, layout_vaults_omnibox

Skill      XL: |  1  2  3  4  5  6  7  8  9 10 11 12 13 14 15 16 17 18 19 20 21 |
---------------+----------------------------------------------------------------+-----
Fighting       | 4 5 6 7 8 9 10 11 12 13 14 15 16 17 | 17.4
Maces & Flails | 3 4 5 6 8 9 11 12 13 14 15 16 | 16.0
Armour         | 4 5 6 7 8 9 11 12 13 14 15 16 | 16.1
Shields        | 4 5 7 8 11 13 14 | 14.4
Invocations    | 2 4 5 7 8 9 11 12 13 14 | 14.0
Evocations     | 1 3 4 5 6 7 8 9 10 | 10.0
Throwing       | 1 3 5 6 7 8 9 10 11 12 | 12.0
Spellcasting   | 1 3 4 5 6 7 |  7.0
Translocations | 1 3 4 5 6 7 8 10 | 10.0
Dodging        | 3 |  3.3

Action                     |  1- 3 |  4- 6 |  7- 9 | 10-12 | 13-15 | 16-18 | 19-21 || total
---------------------------+-------+-------+-------+-------+-------+-------+-------++-------
  Melee: Flail             |   127 |   247 |   274 |    81 |   148 |       |       ||   877
         Morningstar       |       |       |    92 |   692 |  1027 |   795 |   702 ||  3308
         Sacred scourge    |       |       |       |       |    97 |    33 |    49 ||   179
  Throw: Boomerang         |       |     2 |     5 |       |    54 |   176 |   134 ||   371
         Dart              |       |     1 |    12 |   125 |   131 |       |       ||   269
 Invoke: Divine Shield     |       |       |       |     6 |     6 |     6 |     3 ||    21
         Cleansing Flame   |       |       |       |       |     1 |     4 |    23 ||    28
         Brand Weapon With |       |       |       |       |     1 |       |       ||     1
         Summon Divine War |       |       |       |       |       |     2 |       ||     2
  Evoke: Wand              |       |       |     6 |     8 |    16 |    20 |    19 ||    69
         Tin of tremorston |       |       |       |       |       |     3 |       ||     3
         Lightning rod     |       |       |       |       |       |     4 |       ||     4
    Use: Potion            |       |     1 |     1 |     1 |     2 |     4 |    12 ||    21
         Scroll            |       |     5 |     7 |    11 |    17 |    22 |     8 ||    70
 Armour: Scale mail        |    68 |   172 |    77 |       |       |       |       ||   317
         Chain mail        |       |       |   118 |   387 |     3 |       |       ||   508
         Plate armour      |       |       |       |       |   488 |       |    81 ||   569
         Fire dragon scale |       |       |       |       |   301 |   620 |   556 ||  1477
  Dodge: Dodged            |    59 |   141 |   118 |   181 |   337 |   282 |   285 ||  1403
  Block: Buckler           |    58 |   197 |   182 |   319 |   581 |     5 |       ||  1342
         Reflection        |     1 |     7 |     1 |     9 |     8 |   177 |    62 ||   265
         Kite shield       |       |       |       |       |       |   406 |       ||   406
         Tower shield      |       |       |       |       |       |   769 |  1195 ||  1964

Table legend: (Time is in decaauts)
 A = Elapsed time spent in this place.
 B = Non-inter-level travel time spent in this place.
 C = Inter-level travel time spent in this place.
 D = Time resting spent in this place.
 E = Time spent auto-exploring this place.
 F = Levels seen in this place.
 G = Mean time per level.
                   A        B        C        D        E       F      G
               +--------+--------+--------+--------+--------+-----+--------+
         Total |  45095 |  41814 |   3281 |  10171 |  19532 |  37 | 1218.8 |
       Dungeon |  16245 |  14522 |   1723 |   2406 |   8574 |  15 | 1083.0 |
        Temple |     31 |     23 |      8 |      0 |      0 |   1 |   31.0 |
          Lair |   8789 |   7881 |    908 |   2320 |   3333 |   5 | 1757.8 |
        Shoals |   2742 |   2651 |     91 |    938 |   1085 |   3 |  914.0 |
     Snake Pit |   6814 |   6626 |    188 |   2066 |   2664 |   4 | 1703.5 |
  Orcish Mines |   2597 |   2498 |     99 |    523 |    909 |   2 | 1298.5 |
        Vaults |   5256 |   4993 |    263 |   1433 |   2333 |   3 | 1752.0 |
         Sewer |    586 |    586 |      0 |     47 |    163 |   1 |  586.0 |
      Ice Cave |    465 |    465 |      0 |     88 |     25 |   1 |  465.0 |
       Volcano |    343 |    343 |      0 |     15 |    236 |   1 |  343.0 |
    Desolation |   1222 |   1222 |      0 |    334 |    210 |   1 | 1222.0 |
               +--------+--------+--------+--------+--------+-----+--------+

Top non-repeatable levels by time:
  Lair:5: 2244 daAuts
Vaults:2: 2189 daAuts
 Snake:3: 1956 daAuts
 Snake:4: 1921 daAuts
Vaults:1: 1881 daAuts
 Snake:2: 1841 daAuts
  Lair:3: 1795 daAuts
  Lair:4: 1771 daAuts
     D:8: 1752 daAuts
Shoals:2: 1615 daAuts
  Lair:2: 1534 daAuts
  Lair:1: 1444 daAuts
   Orc:2: 1319 daAuts
    D:11: 1307 daAuts
   Orc:1: 1278 daAuts
